 Dungeon Crawl Stone Soup version 0.27-a0-1242-ge70438ac7b (webtiles) character file.

Game seed: 663290814169695641

1670 Glokmah the Sneak (level 8, -3/40 HPs)
             Began as a Spriggan Warper on June 9, 2021.
             Was a Follower of Uskayaw.
             Slain by a gnoll
             ... wielding a +4 halberd of electrocution
              (12 damage)
             ... on level 3 of the Dungeon.
             The game lasted 00:21:57 (7636 turns).

Glokmah the Sneak (Spriggan Warper)                 Turns: 7636, Time: 00:21:58

Health: -3/40      AC:  3    Str:  7    XL:     8   Next: 70%
Magic:  13/15      EV: 19    Int: 15    God:    Uskayaw [*.....]
Gold:   256        SH:  0    Dex: 16    Spells: 0/15 levels left

rFire    . . .     SeeInvis +   b - +0 hunting sling
rCold    . . .     Faith    .   (shield restricted)
rNeg     . . .     Spirit   .   m - +1 robe
rPois    .         Reflect  .   (helmet restricted)
rElec    .         Harm     .   (no cloak)
rCorr    .         Rampage  .   (gloves unavailable)
Will     +....                  (boots unavailable)
Stlth    ++++......             v - amulet of the acrobat
HPRegen  0.13/turn              j - +4 ring of slaying
MPRegen  0.14/turn              (no ring)

@: very quick
A: very small, no large weapons, unfitting armour, see invisible, speed 3
a: Renounce Religion, Stomp


You were on level 3 of the Dungeon.
You worshipped Uskayaw.
Uskayaw was noncommittal.
You visited 2 branches of the dungeon, and saw 6 of its levels.

You collected 256 gold pieces.

Inventory:

Hand Weapons
 a - a +2 dagger of draining
 b - a +0 hunting sling (weapon)
 c - a +1 dagger of venom
Missiles
 e - 5 boomerangs of dispersal
 h - 149 stones
 n - 51 sling bullets (quivered ammo)
 r - 32 poisoned darts
 y - 2 boomerangs
Armour
 m - a +1 robe (worn)
Magical Staves
 q - a staff of earth
Jewellery
 j - a +4 ring of slaying (left hand)
 v - an amulet of the acrobat (around neck)
Wands
 u - a wand of flame (24)
 x - a wand of acid (9)
Scrolls
 d - a scroll of blinking
 i - 2 scrolls of enchant armour
 l - a scroll of identify
 o - a scroll of magic mapping
 p - 3 scrolls of immolation {unknown}
 w - a scroll of vulnerability {unknown}
Potions
 f - 2 potions of brilliance {unknown}
 g - 4 potions of curing
 k - 3 potions of degeneration
 s - 3 potions of attraction
 t - a potion of ambrosia {unknown}


   Skills:
 + Level 3.3 Fighting
 * Level 6.0 Short Blades
 + Level 3.7(3.9) Slings
 - Level 1.2(2.3) Throwing
 - Level 5.0 Dodging
 * Level 7.7 Stealth
 - Level 4.0 Spellcasting
 + Level 3.8 Hexes
 + Level 5.2 Translocations
 + Level 2.7 Poison Magic
 + Level 2.2 Invocations


You couldn't memorise any spells.
You knew the following spells:

 Your Spells              Type           Power      Damage    Failure   Level
a - Blink                 Tloc           N/A        N/A       3%          2
b - Teleport Other        Tloc           18%        N/A       6%          3
c - Confusing Touch       Hex            14%        N/A       12%         3
d - Poisonous Vapours     Pois/Air       14%        N/A       16%         2
e - Manifold Assault      Tloc           18%        N/A       52%         5

Your spell library contained the following spells:

 Spells                   Type           Power      Damage    Failure   Level
 Corona                   Hex            15%        N/A       3%          1
 Slow                     Hex            14%        N/A       6%          2
 Gell's Gravitas          Tloc           9%         N/A       6%          3
 Lesser Beckoning         Tloc           9%         N/A       6%          3
 Portal Projectile        Hex/Tloc       32%        N/A       9%          3
 Sting                    Tmut/Pois      28%        1d4       11%         1
 Foxfire                  Conj/Fire      12%        2x1d4     19%         1
 Inner Flame              Hex/Fire       8%         N/A       26%         3
 Ignite Poison            Fire/Tmut/Pois 5%         N/A       36%         3
 Mephitic Cloud           Conj/Pois/Air  5%         N/A       36%         3
 Cause Fear               Hex            7%         N/A       36%         4
 Conjure Flame            Conj/Fire      3%         6-21      47%         3
 Olgreb's Toxic Radiance  Pois           11%        N/A       52%         4
 Leda's Liquefaction      Hex/Erth       4%         N/A       63%         4
 Petrify                  Tmut/Erth      3%         N/A       87%         4
 Sticky Flame             Conj/Fire      3%         2d3       87%         4
 Metabolic Englaciation   Hex/Ice        4%         N/A       93%         5
 Yara's Violent Unravell  Hex/Tmut       4%         3d4       93%         5
 Fireball                 Conj/Fire      1%         3d3       99%         5


Dungeon Overview and Level Annotations

Branches:
Dungeon (5/15)             Temple (1/1) D:5

Altars:
Ashenzari
Cheibriados
Dithmenos
Elyvilon
Fedhas
Makhleb
Okawaru
Qazlal
Ru
Sif Muna
Uskayaw
Vehumet
Wu Jian
Xom
Yredelemnul
Zin

Shops:
D:5 *

Annotations:
D:2 1 runed translucent door, Crazy Yiuf
D:3 xsansara's ghost, amateur FoFi


Innate Abilities, Weirdness & Mutations

You are very small and have problems with some larger weapons.
You are too small for most types of armour.
You have supernaturally acute eyesight. (SInv)
You cover ground extremely quickly. (Speed+++)


Message History

Xsansara's ghost shouts, "Do you think the gods will protect you?"
The gnoll shouts!
Xsansara's ghost says, "Let nature run its course against you!"
HP restored.
You enter the shallow water.
Moving in this stuff is going to be slow.
Why would you want to do that?
There is a transporter here.
There is a transporter here.
There is a transporter here.
You enter the transporter and appear at another place.
The gnoll misses you. The gnoll completely misses you. x2
The gnoll throws a throwing net.
The throwing net misses you.
Fire: 53 sling bullets
Press: ? - help, Q - select action, (/) - cycle Shift-Dir - straight line, f/p - gnoll
Aim: a gnoll, wielding a +4 halberd of electrocution (69% to hit)
You shoot a sling bullet.
The sling bullet completely misses the gnoll.
Unknown command.
Fire: 52 sling bullets
Press: ? - help, Q - select action, (/) - cycle Shift-Dir - straight line, f/p - gnoll
Aim: a gnoll, wielding a +4 halberd of electrocution (69% to hit)
You shoot a sling bullet. The sling bullet hits the gnoll.
The gnoll is lightly wounded.
The gnoll hits you from afar with a +4 halberd of electrocution!!
You are electrocuted!
* * * LOW HITPOINT WARNING * * *
Unknown command.
There is an open translucent door here.
Blink to where?
Press: ? - help, Dir - move target, f - you, p - gnoll
Okay, then.
Okay, then.
Okay, then.
Casting: Blink (safe; 3% risk of failure)
Confirm with . or Enter, or press ? or * to list all spells.
You blink.
The gnoll hits you from afar with a +4 halberd of electrocution!
You die...

.≈≈#.8.#.###.§.###.#.8.#≈≈.#####.
.≈≈#...###.#####.###...#≈≈.......
.≈≈###.......g.......###≈≈.####..
.≈≈.8#.######'###'##.#8.≈≈.#.....
.≈≈.##.#...#8(W#..g#.##.≈≈.#.##..
.≈≈.#..'..:#⌠©gg...'..#.≈≈.#.##.#
.≈≈.##.#$..#8..#..g#.##.≈≈......#
.≈≈.8#.######'###'##.#8.≈≈.#.##.#
.≈≈###.g(...)()(@..§.###≈≈.#.##..
.≈≈#...###.#####©###...#≈≈.#.##..
.≈≈#.8.#.###.©.###.#.8.#≈≈...##..
.≈≈#####...........#####≈≈.####..
.≈≈≈≈≈≈≈≈≈≈≈≈≈≈≈≈≈≈≈≈≈≈≈≈≈..# #..
.≈≈≈≈≈≈≈≈≈≈≈≈≈≈≈≈≈≈≈≈≈≈≈≈≈..# #..
............................# #..
###.####..#######.#.#.##....# ###
#...................###.#.#


You could see a gnoll shaman and 2 gnolls.

Vanquished Creatures
  4 yaks (D:5)
  A water moccasin (D:4)
  A hornet zombie (D:5)
  A black bear (D:5)
  2 necrophages (D:5)
  An ogre (D:4)
  A phantom (D:5)
  A scorpion (D:3)
  A howler monkey (D:5)
  A centaur zombie (D:5)
  A jelly (D:4)
  A bullfrog skeleton (D:5)
  3 hounds
  A centaur skeleton (D:4)
  An iguana (D:5)
  2 orc wizards (D:5)
  Robin (D:2)
  4 adders
  3 gnolls (D:3)
  2 worms
  2 dart slugs
  11 orcs
  3 bats (D:1)
  6 endoplasms
  3 giant cockroaches
  10 goblins
  4 hobgoblins
  6 jackals
  3 kobolds
  4 quokkas (D:4)
  3 ball pythons
  4 frilled lizards
  2 rats
94 creatures vanquished.

Vanquished Creatures (others)
  3 demonic plants (D:1)
  2 fungi
  6 plants (D:3)
  A withered plant (D:1)
12 creatures vanquished.

Grand Total: 106 creatures vanquished

Notes
Turn   | Place    | Note
-------+----------+-------------------------------------------
     0 | D:1      | Glokmah the Spriggan Warper began the quest for the Orb.
     0 | D:1      | Reached XP level 1. HP: 10/10 MP: 5/5
   377 | D:1      | Reached XP level 2. HP: 9/14 MP: 6/6
   515 | D:1      | Learned a level 2 spell: Blink
   604 | D:1      | Reached skill level 1 in Stealth
   825 | D:1      | Found a faded altar of an unknown god.
  1853 | D:2      | Reached XP level 3. HP: 17/18 MP: 8/8
  2088 | D:2      | Noticed Robin
  2295 | D:2      | Reached skill level 2 in Stealth
  2298 | D:2      | Killed Robin
  2664 | D:2      | Reached XP level 4. HP: 17/23 MP: 9/9
  2822 | D:2      | Learned a level 3 spell: Teleport Other
  2826 | D:2      | Learned a level 3 spell: Confusing Touch
  2926 | D:2      | Found a runed translucent door.
  2927 | D:2      | Noticed Crazy Yiuf
  3083 | D:3      | Found a transporter.
  3117 | D:3      | Found a radiant altar of Vehumet.
  3194 | D:3      | Found a transporter.
  3448 | D:3      | Found a white marble altar of Elyvilon.
  3508 | D:3      | Found a stormy altar of Qazlal.
  3575 | D:3      | Found an iron altar of Okawaru.
  3597 | D:3      | Reached skill level 3 in Stealth
  3953 | D:4      | Identified a scroll of acquirement
  3953 | D:4      | Acquired a Young Poisoner's Handbook
  3959 | D:4      | Noticed a scorpion
  4091 | D:3      | Killed a scorpion
  4092 | D:3      | Reached skill level 1 in Slings
  4092 | D:3      | Reached skill level 1 in Hexes
  4092 | D:3      | Reached skill level 5 in Translocations
  4092 | D:3      | Reached XP level 5. HP: 26/26 MP: 10/10
  4170 | D:3      | Noticed xsansara's ghost (amateur FoFi)
  4231 | D:4      | Learned a level 2 spell: Poisonous Vapours
  4482 | D:4      | Noticed an ogre
  4500 | D:4      | Killed an ogre
  4501 | D:4      | Reached skill level 4 in Stealth
  4501 | D:4      | Reached XP level 6. HP: 30/30 MP: 10/12
  4675 | D:4      | Noticed a water moccasin
  5112 | D:4      | Killed a water moccasin
  5494 | D:4      | Reached skill level 1 in Poison Magic
  5661 | D:5      | Entered Level 5 of the Dungeon
  5665 | D:5      | Reached skill level 5 in Stealth
  5668 | D:5      | Found a staircase to the Ecumenical Temple.
  5668 | D:5      | Identified the +6 falchion of Duty {distort, Will+ MP-9
                  | Str+4 Int+3}
  5688 | Temple   | Entered the Ecumenical Temple
  5695 | Temple   | Became a worshipper of Uskayaw the Reveller
  5726 | D:5      | Reached * piety under Uskayaw
  5727 | D:5      | Reached XP level 7. HP: 35/35 MP: 13/13
  5757 | D:5      | Found Huerony's General Store.
  5775 | D:5      | Reached ** piety under Uskayaw
  6183 | D:5      | Noticed a yak
  6183 | D:5      | Noticed a yak
  6194 | D:5      | Reached skill level 6 in Stealth
  6194 | D:5      | Reached skill level 1 in Invocations
  6194 | D:5      | Noticed a yak
  6194 | D:5      | Noticed a yak
  6213 | D:5      | Reached *** piety under Uskayaw
  6220 | D:5      | Killed a yak
  6221 | D:5      | Reached skill level 5 in Short Blades
  6232 | D:5      | Killed a yak
  6233 | D:5      | Reached skill level 5 in Dodging
  6233 | D:5      | Reached XP level 8. HP: 29/40 MP: 10/15
  6248 | D:5      | Reached skill level 7 in Stealth
  6829 | D:5      | Learned a level 5 spell: Manifold Assault
  7636 | D:3      | Slain by a gnoll

Illustrated notes

Levels and vault maps discovered:
D:1:      tarquinn_simple_flora_water_b, layout_loops_corners,
          shapermc_ecumenical_altar_gd
D:2:      layout_rooms, minmay_misc_feat_room, uniq_robin,
          uniq_crazy_yiuf_cottage
D:3:      layout_loops_cross, nicolae_vehumet_altar_sigil,
          amcnicky_altar_gilded, overflow_temple_1_default, lemuel_doored_altar,
          gammafunk_ghost_gnarly_gnolls
D:4:      layout_rooms, serial_forest, infiniplex_forest_straight_3,
          infiniplex_forest_lined_corner, infiniplex_forest_lined_corner,
          infiniplex_forest_lined_room_3, infiniplex_forest_end_3,
          infiniplex_forest_clump_curved, infiniplex_forest_lined_4_way
D:5:      layout_basic, minmay_temple_entry_grid, serial_shops, shop
Temple:   nicolae_temple_no_exploring_needed

Skill      XL: |  1  2  3  4  5  6  7  8 |
---------------+-------------------------+-----
Stealth        | 1 2 3 4 5 6 7 |  7.7
Short Blades   | 3 4 5 6 |  6.0
Spellcasting   | 3 4 |  4.0
Fighting       | 2 3 |  3.3
Slings         | 1 2 3 |  3.7
Hexes          | 1 2 3 |  3.8
Translocations | 5 |  5.2
Dodging        | 4 5 |  5.0
Poison Magic   | 1 2 |  2.7
Invocations    | 1 2 |  2.2
Throwing       | |  1.2

Action                   |  1- 3 |  4- 6 |  7- 9 || total
-------------------------+-------+-------+-------++-------
Melee: Short sword       |    29 |       |       ||    29
       Dagger            |    63 |    54 |    41 ||   158
 Fire: Hunting sling     |    31 |   123 |    62 ||   216
Throw: Stone             |    13 |       |       ||    13
 Cast: Blink             |       |     2 |     3 ||     5
       Teleport Other    |       |     3 |     1 ||     4
       Poisonous Vapours |       |       |     9 ||     9
Invok: Stomp             |       |       |    11 ||    11
       Line Pass         |       |       |     3 ||     3
  Use: Scroll            |       |    10 |       ||    10
 Stab: Sleeping          |       |     4 |       ||     4
       Confused          |       |       |     3 ||     3
Armor: Robe              |     4 |     2 |     4 ||    10
Dodge: Dodged            |    76 |    52 |    66 ||   194

Table legend: (Time is in decaauts)
 A = Elapsed time spent in this place.
 B = Non-inter-level travel time spent in this place.
 C = Inter-level travel time spent in this place.
 D = Time resting spent in this place.
 E = Time spent auto-exploring this place.
 F = Levels seen in this place.
 G = Mean time per level.
                   A        B        C        D        E       F      G
               +--------+--------+--------+--------+--------+-----+--------+
         Total |   5856 |   5564 |    292 |   1511 |   2538 |   6 |  976.0 |
       Dungeon |   5847 |   5563 |    284 |   1511 |   2538 |   5 | 1169.4 |
        Temple |      9 |      2 |      7 |      0 |      0 |   1 |    9.0 |
               +--------+--------+--------+--------+--------+-----+--------+

Top non-repeatable levels by time:
     D:1: 1519 daAuts
     D:5: 1290 daAuts
     D:3: 1122 daAuts
     D:4: 1115 daAuts
     D:2: 800 daAuts
  Temple: 9 daAuts
